 Dungeon Sprint DCSS version 0.29-a0-338-g1ff7896281 (webtiles) character file.

Game seed: 6058349873030423904

27 howech the Twirler (level 2, -3/26 HPs)
             Began as a Minotaur Gladiator on Apr 18, 2022.
             Was a Follower of Trog.
             Slain by a sky beast (6 damage)
             ... in the Dungeon (Sprint VII: "The Pits").
             The game lasted 00:02:04 (281 turns).

howech the Twirler (Minotaur Gladiator)              Turns: 281, Time: 00:02:04

Health: -3/26      AC:  3    Str: 18    XL:     2   Next: 93%
Magic:  1/1        EV: 12    Int:  5    God:    Trog [*.....]
Gold:   0          SH:  0    Dex: 11    Spells: 1/1 levels left

rFire   . . .      SeeInvis .   l - +2 quarterstaff
rCold   . . .      Faith    .   (shield currently unavailable)
rNeg    . . .      Spirit   .   b - +0 leather armour
rPois   .          Reflect  .   c - +0 hat
rElec   .          Harm     .   (no cloak)
rCorr   .          Rampage  .   (no gloves)
Will    .....      NoTele   +   (no boots)
Stlth   +.........              (no amulet)
HPRegen 0.08/turn               (no ring)
MPRegen 0.07/turn               (no ring)

@: no status effects
A: horns 2, retaliatory headbutt
a: Renounce Religion, Berserk


You were in the Dungeon.
You worshipped Trog.
Trog was aware of your devotion.
You visited 1 branch

Inventory:

Hand Weapons
 a - a +0 quarterstaff
 l - a +2 quarterstaff (weapon)
 m - a +2 hand axe
Missiles
 d - 3 throwing nets (quivered)
 e - a javelin
Armour
 b - a +0 leather armour (worn)
 c - a +0 hat (worn)
Scrolls
 k - a scroll of blinking
 o - 5 scrolls of amnesia
 p - a scroll of summoning
Potions
 f - a potion of curing
 h - a potion of haste
 i - 4 potions of magic
 j - 3 potions of berserk rage
 n - 2 potions of invisibility


   Skills:
 + Level 3.5 Fighting
 + Level 2.3 Axes
 + Level 4.5 Staves
 + Level 2.9 Throwing
 + Level 2.3 Armour
 + Level 4.1 Dodging
 + Level 1.6 Evocations


You had one spell level left.
You didn't know any spells.
Your spell library was empty.

Dungeon Overview and Level Annotations

Branches:
Dungeon (1/1)

Altars:
Ashenzari
Cheibriados
Dithmenos
Elyvilon
Fedhas
Gozag
Hepliaklqana
Kikubaaqudgha
Makhleb
Nemelex Xobeh
Okawaru
Qazlal
Ru
Sif Muna
Trog
Uskayaw
Vehumet
Wu Jian
Xom
Yredelemnul
Zin
The Shining One
Beogh
Jiyva
Lugonu


Innate Abilities, Weirdness & Mutations

You have a pair of horns on your head.
You reflexively headbutt those who attack you in melee.


Message History

A quokka zombie comes into view.
A scorpion, an orc and a sky beast come into view.
The orc shouts!
There is a large open door here.
Unknown command.
You hit the quokka zombie. Your headbutt misses the quokka zombie.
The quokka zombie is moderately damaged.
The quokka zombie bites you but does no damage.
You hit the sky beast.
The sky beast is lightly wounded.
The sky beast closely misses you. The orc hits you but does no damage.
You hit the sky beast.
The sky beast is moderately wounded.
The quokka zombie closely misses you. You furiously retaliate!
You headbutt the quokka zombie. The sky beast barely misses you.
The orc closely misses you.
You closely miss the quokka zombie.
The quokka zombie is almost destroyed.
The quokka zombie closely misses you. The sky beast misses you.
The orc hits you from afar with a +0 trident.
You hit the quokka zombie.
You destroy the quokka zombie!
Trog accepts your kill. The sky beast hits you. The sky beast shocks you.
The orc misses you.
You closely miss the sky beast.
The sky beast is moderately wounded.
The orc hits you from afar with a +0 trident.
The sky beast closely misses you. You furiously retaliate!
You headbutt the sky beast. You hit the sky beast but do no damage.
The sky beast is heavily wounded.
The sky beast hits you. The sky beast shocks you.
* * * LOW HITPOINT WARNING * * *
The orc barely misses you.
You barely miss the sky beast. Your headbutt misses the sky beast.
The sky beast is heavily wounded.
The sky beast hits you.
* * * LOW HITPOINT WARNING * * *
The sky beast shocks you.
You die...

#.?(.')))'.##......#..#
##########.##..........
#...........)...........
+#####)#####......#..#.
#.s#...'.##...........
#..#...#.#####'#####+
#..#####.##.......#
#..o...#.##.......#
#..'Y@.).##.......#
#..########...<...# #..
#.......# #.. #.......#
### #.......# #########


You could see a sky beast and an orc.

Vanquished Creatures
  An adder (D)
  A gnoll (D)
  An ufetubus (D)
  An orc (D)
  A kobold (D)
  A quokka zombie (D)
6 creatures vanquished.

Notes
Turn   | Place    | Note
-------+----------+-------------------------------------------
     0 | D        | howech the Minotaur Gladiator began the quest for the Orb.
     0 | D        | Reached XP level 1. HP: 18/18 MP: 0/0
    39 | D        | Found a bloodstained altar of Trog.
    39 | D        | Found a shimmering blue altar of Sif Muna.
    39 | D        | Found a viscous altar of Jiyva.
    39 | D        | Found a hazy altar of Hepliaklqana.
    39 | D        | Found an opulent altar of Gozag.
    40 | D        | Found a glowing golden altar of the Shining One.
    40 | D        | Found a glowing silver altar of Zin.
    40 | D        | Found a basalt altar of Yredelemnul.
    40 | D        | Found a shimmering altar of Xom.
    40 | D        | Found an ornate altar of the Wu Jian Council.
    40 | D        | Found a sacrificial altar of Ru.
    40 | D        | Found a stormy altar of Qazlal.
    40 | D        | Found an iron altar of Okawaru.
    40 | D        | Found a sparkling altar of Nemelex Xobeh.
    40 | D        | Found a burning altar of Makhleb.
    40 | D        | Found a blossoming altar of Fedhas.
    40 | D        | Found a white marble altar of Elyvilon.
    40 | D        | Found a shadowy altar of Dithmenos.
    40 | D        | Found a snail-covered altar of Cheibriados.
    41 | D        | Found a radiant altar of Vehumet.
    41 | D        | Found a corrupted altar of Lugonu.
    43 | D        | Became a worshipper of Trog the Wrathful
    44 | D        | Found an ancient bone altar of Kikubaaqudgha.
    44 | D        | Found a hide-covered altar of Uskayaw.
    44 | D        | Found a broken altar of Ashenzari.
    61 | D        | Reached skill level 1 in Axes
    63 | D        | Reached skill level 1 in Armour
    63 | D        | Reached skill level 1 in Evocations
    63 | D        | Reached XP level 2. HP: 25/26 MP: 1/1
    80 | D        | Reached * piety under Trog
    80 | D        | HP: 1/26 [poisoned by an adder]
   271 | D        | Noticed a scorpion
   271 | D        | Noticed a sky beast
   281 | D        | Slain by a sky beast

Illustrated notes

Levels and vault maps discovered:
D:        pitsprint [storerooms_1, entrance_room_1, metal_vault_1, armoury_1,
          mini_pit_1, grid_room_1, main_hall_1, silver_pit, the_coven_3,
          the_vestibule_1, steel_vault_3, golden_pit, hallway_of_sentries,
          crystal_vault_3, iron_vault_3, final_vault]

Skill      XL: |  1  2 |
---------------+-------+-----
Axes           | 1 2 |  2.3
Fighting       | 3 |  3.5
Staves         | 4 |  4.5
Armour         | 1 2 |  2.3
Evocations     | 1 |  1.6
Dodging        | 4 |  4.1
Throwing       | |  2.9

Action                   || total
-------------------------++-------
Melee: Quarterstaff      ||    22
       Headbutt          ||     2
  Use: Potion            ||     1
Armor: Leather armour    ||     6
Dodge: Dodged            ||    22

Table legend: (Time is in decaauts)
 A = Elapsed time spent in this place.
 B = Non-inter-level travel time spent in this place.
 C = Inter-level travel time spent in this place.
 D = Time resting spent in this place.
 E = Time spent auto-exploring this place.
 F = Levels seen in this place.
 G = Mean time per level.
                   A        B        C        D        E       F      G
               +--------+--------+--------+--------+--------+-----+--------+
         Total |    282 |    282 |      0 |    181 |      0 |   1 |  282.0 |
       Dungeon |    282 |    282 |      0 |    181 |      0 |   1 |  282.0 |
               +--------+--------+--------+--------+--------+-----+--------+

Top non-repeatable levels by time:
       D: 282 daAuts
